Map: Orbital Shipyard

Players

LilDicky - Winner!

  • Race: Terran Terran
  • League: Diamond

JamesBond

  • Race: Terran Terran
  • League: Platinum

VOD

http://www.twitch.tv/tumescentpie

Description

Time

  • Played on: Dec. 13, 2015, 3:23 a.m.
  • Length: 6:07
Show
View Real Time Build Order
Export as new Build Order

LilDicky Terran - Winner!

Build Orders: Banshee Rush 

Get SALT Encoding   

  12  0:03  SCV  
  13  0:15  SCV  
  14  0:25  Supply Depot  
  14  0:28  SCV  
  15  0:47  SCV  
  16  0:51  Barracks  
  16  0:58  Refinery  
  16  0:59  SCV  
  17  1:11  SCV  
  18  1:23  SCV  
  19  1:26  Supply Depot  
  19  1:35  SCV  
  19  1:39  Marine  
  21  1:48  Command Center  
  21  1:51  Orbital Command  
  21  1:59  Marine  
  22  2:08  Factory  
  22  2:17  Marine  
  22  2:22  Supply Depot  
  23  2:35  SCV, Marine  
  23  2:36  Refinery  
  25  2:53  Hellion, Marine  
  25  2:54  Starport  
  27  3:11  SCV, Marine  
  29  3:15  Orbital Command  
  29  3:18  Factory Tech Lab  
  29  3:44  Banshee  
  29  3:45  Cloaking Field  
  29  3:46  Marine  
  33  3:50  Hellion  
  33  3:53  Supply Depot  
  33  3:54  SCV  
  37  3:55  SCV  
  33  4:04  Marine  
  33  4:06  SCV  
  33  4:08  SCV  
  36  4:12  Supply Depot  
  36  4:22  Hellion, Marine  
  37  4:31  SCV  
  37  4:34  Banshee  
  35  4:39  Marine  
  39  4:45  SCV, Hellion  
  39  4:46  SCV  
  40  4:57  Command Center, SCV  
  40  5:00  SCV  
  40  5:03  Refinery  
  41  5:10  SCV, Refinery, Factory Tech Lab  
  41  5:12  SCV  
  43  5:17  Banshee  
  46  5:40  Marine  
Show
View Real Time Build Order
Export as new Build Order

JamesBond Terran 

Build Orders: Reaper Expand 

Get SALT Encoding   

  12  0:09  Supply Depot  
  12  0:13  SCV  
  13  0:35  Barracks  
  13  0:37  Refinery  
  13  0:39  SCV  
  14  0:51  SCV  
  15  1:03  SCV  
  16  1:23  Reaper  
  17  1:30  Command Center  
  17  1:46  SCV  
  18  1:53  Barracks  
  18  1:55  Reaper  
  18  1:59  SCV  
  20  2:08  Refinery  
  20  2:16  Barracks  
  20  2:32  Reaper  
  20  2:35  SCV  
  21  2:44  Reaper  
  22  2:47  SCV  
  23  3:04  Reaper  
  24  3:10  Reaper  
  24  3:12  SCV x2  
  27  3:16  Reaper  
  28  3:24  SCV  
  29  3:36  Reaper  
  29  3:37  SCV x2  
  32  3:42  Supply Depot, Reaper  
  32  3:43  Supply Depot  
  33  3:49  SCV x2  
  35  4:01  SCV x2  
  35  4:03  Reaper  
  36  4:11  Reaper  
  37  4:21  Reaper  
  37  4:23  SCV x2  
  40  4:35  SCV  
  40  4:43  SCV  
  40  4:46  Marine x2  
  40  4:47  Engineering Bay  
  40  4:48  SCV  
  43  4:53  Marine  
  43  4:55  SCV  
  43  4:58  Barracks x3  
  43  4:59  Barracks  
  45  5:00  Barracks  
  45  5:04  Marine x2  
  47  5:11  Marine  
  47  5:13  Supply Depot  
  48  5:15  Supply Depot  
  48  5:22  Marine x2  
  48  5:23  Orbital Command  
  48  5:29  Marine  
  46  5:40  Marine x2  
  48  5:43  Missile Turret  
  48  5:46  Missile Turret  
  48  5:47  Marine  
Tags
 
Add a new tag
Caveats
  • Supply blocks, unpowered buildings, or Contaminate may cause inaccurate times.
  • Supply counts are checked every 10 seconds.